 Dungeon Crawl Stone Soup version 0.30-a0-782-ge64f9170bb (webtiles) character file.

Game seed: 14539421658433093669

117 Ge0ff the Shooter (level 4, -3/57 HPs)
             Began as a Minotaur Hunter on Feb 26, 2023.
             Slain by an ice beast (12 damage)
             ... on level 4 of the Dungeon.
             The game lasted 00:05:04 (2308 turns).

Ge0ff the Shooter (Minotaur Hunter)                 Turns: 2308, Time: 00:05:05

Health: -3/57      AC:  4    Str: 16    XL:     4   Next: 71%
Magic:  3/3        EV: 13    Int:  6    God:
Gold:   61         SH:  0    Dex: 21    Spells: 3/3 levels left

rFire   . . .      SeeInvis +    b - +2 dagger (venom)
rCold   . . .      Faith    .    (no shield)
rNeg    . . .      Spirit   .    c - +0 leather armour
rPois   .          Reflect  .    (helmet restricted)
rElec   .          Harm     .    (no cloak)
rCorr   .          Rampage  .    B - +0 pair of gloves
Will    .....                    (no boots) Stlth
                                 (no amulet)
HPRegen 0.29/turn                K - ring of see invisible
MPRegen 0.08/turn                P - +6 ring of dexterity {=R}

@: berserking, very quick
A: horns 2, retaliatory headbutt
a: no special abilities


You were on level 4 of the Dungeon.
You visited 1 branch of the dungeon, and saw 4 of its levels.

You collected 61 gold pieces.

Inventory:

Hand Weapons
 a - a +0 shortbow
 b - a +2 dagger of venom (weapon)
Missiles
 A - 4 javelins
 D - 3 poisoned darts
Armour
 c - a +0 leather armour (worn)
 B - a +0 pair of gloves (worn)
 G - a +0 buckler
Jewellery
 H - a ring of ice
 K - a ring of see invisible (left hand)
 P - a +6 ring of dexterity (right hand) {=R}
Scrolls
 y - 2 scrolls of immolation
 z - a scroll of enchant weapon {unknown}
 C - a scroll of poison
 F - a scroll of teleportation {unknown}
 O - a scroll of amnesia {unknown}
Potions
 I - a potion of invisibility
 M - a potion of attraction {unknown}
 N - a potion of cancellation {!q}


   Skills:
 + Level 3.4 Fighting
 + Level 6.1 Ranged Weapons
 + Level 2.6 Dodging
 - Level 0.7 Stealth


You had 3 spell levels left.
You didn't know any spells.
Your spell library contained the following spells:

 Spells                   Type           Power      Damage    Failure   Level
 Call Canine Familiar     Summ           0%         N/A       88%         3
 Portal Projectile        Hex/Tloc       0%         N/A       88%         3
 Leda's Liquefaction      Hex/Erth       0%         N/A       99%         4


Dungeon Overview and Level Annotations

Branches:
Dungeon (4/15) Zot: 21649
 Temple: D:4-7

Altars:
Ashenzari
Qazlal


Innate Abilities, Weirdness & Mutations

You have a pair of horns on your head.
You reflexively headbutt those who attack you in melee.


Message History

There is a stone staircase leading down here.
Found a stone staircase leading up.
y - 2 scrolls of immolation (gained 1)
You open the door.
There is an open door here.
You open the door.
Found a broken altar of Ashenzari.
Unknown command.
There is an open door here.
As you open the door, it creaks loudly!
There is an open door here.
You open the door.
There is an open door here.
You open the door.
An ice beast comes into view.
There is an open door here.
You shoot an arrow. The arrow hits the ice beast.
The ice beast is lightly wounded.
You shoot an arrow. The arrow barely misses the ice beast.
You shoot an arrow. The arrow barely misses the ice beast.
You shoot an arrow. The arrow closely misses the ice beast.
The ice beast hits you. The ice beast freezes you!
You shoot an arrow. The arrow barely misses the ice beast.
The ice beast hits you. The ice beast freezes you!
You are too injured to fight recklessly!
You are too injured to fight recklessly!
Fire: a) +0 shortbow
Press: ? - help, Q - select action, (/) - cycle Shift-Dir - straight line, f/p - ice beast
Aim: an ice beast (lightly wounded, 66% to hit)
You shoot an arrow. The arrow hits the ice beast.
The ice beast is lightly wounded.
The ice beast hits you. The ice beast freezes you!
* * * LOW HITPOINT WARNING * * *
Okay, then.
It was a potion of berserk rage.
A red film seems to cover your vision as you go berserk!
You feel yourself moving faster!
You feel mighty! The ice beast closely misses you.
Your +2 dagger of venom begins to drip with poison!
b - a +2 dagger of venom (weapon)
You feel a strong urge to attack something.
The ice beast hits you but does no damage.
You hit the ice beast but do no damage.
The ice beast is lightly wounded.
You closely miss the ice beast.
The ice beast is lightly wounded.
The ice beast hits you.
* * * LOW HITPOINT WARNING * * *
The ice beast freezes you!
You die...

... ##+###+ ...
+...+.# ..
#...#.# ..
#._.#.+##+.#
#...#.#..#.#
+...'.#..#Y#
+###'###'..@.#
#.......#..###
#.......#..###
##+###'###+###...
#.........[......
######+#.........
#.#......<..
#.#.........
#.#.........


You could see an ice beast.

Vanquished Creatures
  3 adders
  3 worms
  4 dart slugs
  5 ball pythons
  3 bats
  9 endoplasms
  A giant cockroach (D:1)
  8 goblins
  6 hobgoblins
  7 jackals
  4 quokkas
  3 frilled lizards
  6 kobolds
  6 rats
68 creatures vanquished.

Notes
Turn   | Place    | Note
-------+----------+-------------------------------------------
     0 | D:1      | Ge0ff the Minotaur Hunter began the quest for the Orb.
     0 | D:1      | Reached XP level 1. HP: 18/18 MP: 0/0
   100 | D:1      | Reached XP level 2. HP: 25/25 MP: 1/1
   219 | D:1      | Reached skill level 5 in Ranged Weapons
   314 | D:1      | Reached XP level 3. HP: 31/31 MP: 2/2
   934 | D:2      | Found a faded altar of an unknown god.
  1122 | D:2      | Reached skill level 6 in Ranged Weapons
  1122 | D:2      | Reached XP level 4. HP: 38/38 MP: 3/3
  1744 | D:3      | Found a stormy altar of Qazlal.
  2287 | D:4      | Found a broken altar of Ashenzari.
  2298 | D:4      | Noticed an ice beast
  2308 | D:4      | Slain by an ice beast

Illustrated notes

Levels and vault maps discovered:
D:1:      dpeg_arrival_signposts, layout_basic, minmay_pentomino_x2
D:2:      layout_loops_cross, shapermc_ecumenical_altar_starsandcircs
D:3:      layout_loops_ring, lemuel_round_altar
D:4:      layout_basic, mainiacjoe_overflow_24_doors, nrook_mini_vaults

Skill      XL: |  1  2  3 |
---------------+----------+-----
Fighting       | 3 |  3.4
Ranged Weapons | 5 6 |  6.1
Dodging        | |  2.6
Stealth        | |  0.7

Action                     |  1- 3 |  4- 6 || total
---------------------------+-------+-------++-------
  Melee: Dagger            |       |     2 ||     2
   Fire: Shortbow          |   103 |    73 ||   176
    Use: Scroll            |       |     4 ||     4
         Potion            |       |     1 ||     1
 Armour: Leather armour    |     7 |     7 ||    14
  Dodge: Dodged            |    25 |    12 ||    37

Table legend: (Time is in decaauts)
 A = Elapsed time spent in this place.
 B = Non-inter-level travel time spent in this place.
 C = Inter-level travel time spent in this place.
 D = Time resting spent in this place.
 E = Time spent auto-exploring this place.
 F = Levels seen in this place.
 G = Mean time per level.
                   A        B        C        D        E       F      G
               +--------+--------+--------+--------+--------+-----+--------+
         Total |   2349 |   2269 |     80 |      0 |   1796 |   4 |  587.2 |
       Dungeon |   2349 |   2269 |     80 |      0 |   1796 |   4 |  587.2 |
               +--------+--------+--------+--------+--------+-----+--------+

Top non-repeatable levels by time:
     D:1: 852 daAuts
     D:3: 720 daAuts
     D:2: 538 daAuts
     D:4: 238 daAuts
